Cogmind - Beta 14 @@@ ROGUE MODE // 2024.09.21 @ 09:44:56 Player: Bunch Result: Destroyed by as-54243 with Assembled Rifle Performance ------------- Evolutions (1) 500 Regions Visited (4) 800 Robots Destroyed (63) 315 Value Destroyed (1387) 1387 Prototype IDs (3) 60 Alien Tech Used (0) 0 Bonus (0) 0 TOTAL SCORE: 3062 Bonus ------- None Cogmind --------- Core Integrity 0/400 Matter 118/300 Energy 265/265 System Corruption 5% Temperature Warm (120) Movement Walking (540) Ox6 Location -9/Mines Parts ------- > --- POWER (2) -------- Improved Ion Engine > --- PROPULSION (3) --- Carbon-fiber Leg > --- UTILITY (2) ------ Huge Storage Unit Signal Interpreter > --- WEAPON (2) ------- Heavy Assault Rifle Flak Cannon > --- INVENTORY (25) --- Ion Engine Improved Ion Engine Terrain Scan Processor Melee Analysis Suite Medium Laser Grenade Launcher Rocket Launcher Katana Peak State ------------ > --- POWER ------------ Improved Ion Engine Cooled Ion Engine > --- PROPULSION ------- Aluminum Leg Aluminum Leg Carbon-fiber Leg > --- UTILITY ---------- Huge Storage Unit Signal Interpreter > --- WEAPON ----------- Heavy Assault Rifle Flak Cannon > --- INVENTORY -------- Ion Engine Improved Ion Engine Terrain Scan Processor Melee Analysis Suite Medium Laser Grenade Launcher Rocket Launcher Katana [Rating: 18] Favorites ----------- Power Light Ion Engine Engine Light Ion Engine Power Core Light Nuclear Core Propulsion Aluminum Leg Treads Light Treads Leg Aluminum Leg Utility Signal Interpreter Storage Large Storage Unit Processor Signal Interpreter Weapon Improved Assault Rifle Energy Gun EM Pulse Gun Ballistic Gun Improved Assault Rifle Ballistic Cannon Improved Light Cannon Launcher Rocket Launcher Special Weapon Mining Laser Slashing Weapon Katana Build | -11 -10 -10 -9 -9 ------- Run | Yrd Mat Min Mat Min Slots Evolved 2 | . . . 2 . Power 1 | . . . 1 . Propulsion 1 | . . . 1 . Utility . | . . . . . Weapon . | . . . . . Parts Attached 48 | 5 11 9 18 5 Power 12 | 1 2 2 7 . Engine 11 | 1 1 2 7 . Core 1 | . 1 . . . Reactor . | . . . . . Propulsion 13 | 2 2 2 4 3 Treads 2 | 2 . . . . Leg 11 | . 2 2 4 3 Wheel . | . . . . . Hover . | . . . . . Flight . | . . . . . Utility 4 | 1 2 . 1 . Device . | . . . . . Storage 3 | 1 1 . 1 . Processor 1 | . 1 . . . Hackware . | . . . . . Protection . | . . . . . Artifact . | . . . . . Weapon 19 | 1 5 5 6 2 Energy Gun 3 | . 1 1 1 . Energy Cannon . | . . . . . Ballistic Gun 8 | 1 3 1 2 1 Ballistic Cannon 3 | . 1 . 1 1 Launcher 3 | . . 2 1 . Special Weapon 1 | . . 1 . . Impact Weapon . | . . . . . Slashing Weapon 1 | . . . 1 . Piercing Weapon . | . . . . . Special Melee Weapon . | . . . . . Unidentified Prototypes 1 | . 1 . . . Parts Lost 21 | . 1 4 8 8 Power 6 | . . 1 4 1 Propulsion 10 | . 1 1 3 5 Utility . | . . . . . Weapon 5 | . . 2 1 2 Highest Loss Streak 8 | . 1 2 3 8 To Critical Strikes . | . . . . . Average Slot Usage (%) 97 | . 98 98 97 90 Engine 11 | . 8 8 20 22 Core 3 | . 5 4 . . Treads 5 | . 14 . . . Leg 23 | . 13 27 32 27 Storage 13 | . 14 14 11 11 Processor 12 | . 13 14 11 11 Energy Gun 1 | . 2 2 1 . Ballistic Gun 14 | . 19 11 10 9 Ballistic Cannon 5 | . 5 4 6 9 Launcher 3 | . . 7 1 . Peak Build Rating 18 | 5 14 13 17 18 Average Rating 12 | 3 11 11 15 15 On Entrance 9 | . 5 13 12 17 Naked Turns . | . . . . . Heaviest Build 102 | 9 32 32 102 102 Greatest Support 40 | 40 40 20 33 30 Greatest Overweight (x) 3 | . 1 2 3 3 Average Overweight (x) . | . . 1 1 3 Largest Inventory Capacity 25 | 8 15 15 25 25 Average Capacity 15 | 6 14 15 17 25 Most Carried 15 | 5 14 14 15 13 Average Carried 11 | 3 10 11 11 11 Final Capacity 25 | 8 15 15 25 25 Final Carried 14 | 4 14 13 13 8 Class Distribution -------------------- 84% | Mutant 15% | Scavenger-Mutant Dominant Class ---------------- Mutant | -10/Materials Mutant | -10/Mines Scavenger-Mutant | -9/Materials Scavenger-Mutant | -9/Mines Resources | -11 -10 -10 -9 -9 ----------- Run | Yrd Mat Min Mat Min Matter Collected 1606 | 228 418 470 489 1 Remotely . | . . . . . Salvage Created 1778 | . 576 472 635 95 Parts 119 | . 38 21 60 . Haulers Intercepted 1 | . 1 . . . Recyclers Shooed 1 | . 1 . . . Parts Field Recycled . | . . . . . Retrieved Matter . | . . . . . Parts Self-Destructed . | . . . . . Prevented . | . . . . . Kills | -11 -10 -10 -9 -9 ------- Run | Yrd Mat Min Mat Min Combat Hostiles Destroyed 52 | . 13 12 18 9 Guns 31 | . 10 6 12 3 Cannons 12 | . 2 1 3 6 AOE 9 | . 1 5 3 . Classes Destroyed 11 | . 7 2 2 . Worker 7 | . 1 2 4 . Builder 1 | . 1 . . . Tunneler 6 | . . 6 . . Hauler 1 | . 1 . . . Recycler 1 | . 1 . . . Watcher 6 | . 2 . 4 . Swarmer 13 | . 6 . 7 . Grunt 22 | . 7 10 5 . Duelist 1 | . . . 1 . Sentry 5 | . . . 5 . Assembled 11 | . . 2 . 9 Best Kill Streak 9 | . 4 6 7 9 Combat Bots Only 9 | . 3 4 7 9 Max Kills in Single Turn 3 | . 1 2 3 2 Gunslinging 1 | . . . 1 . Exploded 3 | . 1 1 3 . Melee . | . . . . . Uniques/NPCs Destroyed . | . . . . . Combat | -11 -10 -10 -9 -9 -------- Run | Yrd Mat Min Mat Min Hostile Shots Fired 327 | . 104 50 86 87 Missed 86 | . 33 15 18 20 Damage Taken 3206 | . 741 558 944 963 Core 569 | . 92 77 214 186 Absorbed by Shields . | . . . . . Regen/Repaired (Parts) 132 | . 33 . 99 . Core Remaining (%) 66 | 100 . 32 . . Volleys Fired 216 | . 58 80 61 17 Largest 2 | . 2 2 2 2 Hottest 139 | . 62 139 73 67 Shots Fired 421 | . 117 153 120 31 Gun 275 | . 102 77 80 16 Cannon 112 | . 15 46 36 15 Launcher 18 | . . 14 4 . Special 16 | . . 16 . . Kinetic 298 | . 92 80 95 31 Thermal 37 | . . 16 21 . Explosive 18 | . . 14 4 . Electromagnetic 68 | . 25 43 . . Robot Hit Streak 14 | . 9 8 14 5 Robot Miss Streak 5 | . 3 5 3 3 Penetration Max . | . . . . . Secondary Targets 5 | . 2 1 2 . Max Gunslinging Chain 1 | . 1 1 1 . Shots Hit Robots 215 | . 74 38 85 18 Core Hits 113 | . 27 31 37 18 Critical Kills 2 | . . . 1 1 Critical Parts Destroyed . | . . . . . Critical Strikes 9 | . . 3 5 1 Burn 2 | . . . 2 . Destroy 2 | . . . 1 1 Blast 4 | . . 2 2 . Corrupt 1 | . . 1 . . Melee Attacks 1 | . . . 1 . Impact . | . . . . . Slashing 1 | . . . 1 . Piercing . | . . . . . Sneak Attacks 1 | . . . 1 . Combat Hostiles . | . . . . . Follow-up Attacks . | . . . . . Damage Inflicted 4310 | . 1205 1113 1547 445 Guns 2315 | . 891 399 859 166 Cannons 1092 | . 208 136 469 279 Explosions 809 | . 106 548 155 . Melee 60 | . . . 60 . Ramming 34 | . . 30 4 . Kinetic 2793 | . 875 370 1103 445 Thermal 429 | . 106 98 225 . Explosive 605 | . . 450 155 . Electromagnetic 389 | . 224 165 . . Impact . | . . . . . Slashing 60 | . . . 60 . Piercing . | . . . . . Highest Corruption 5 | . 1 1 . 5 Average Corruption 1 | . 1 1 . 5 Corruption Purged . | . . . . . Corruption Blocked . | . . . . . Effects 31 | . 13 18 . . Message Errors 7 | . 1 6 . . Matter Fused 9 | . 6 3 . . Heat Flow Errors 2 | . . 2 . . Energy Discharges 5 | . 3 2 . . Data Loss (minor) 4 | . 2 2 . . Data Loss (major) 1 | . . 1 . . Misfires 2 | . 1 1 . . Weapon Failures 1 | . . 1 . . Overload Shots . | . . . . . Overflow Damage 19 | . 14 5 . . Projectiles 14 | . 14 . . . Explosions 5 | . . 5 . . Melee . | . . . . . Knockbacks 16 | . 4 3 2 7 Impact 1 | . . 1 . . Kinetic 14 | . 4 2 2 6 Secondary 1 | . . . . 1 Self-Inflicted Damage 71 | . 21 50 . . Shots 4 | . 1 3 . . Rammed . | . . . . . Targets Rammed 9 | . . 8 1 . Kicked 9 | . . 8 1 . Crushed . | . . . . . Highest Temperature 462 | . 462 247 243 120 Average Temperature 72 | . 65 79 68 62 Received Heat Transfer 989 | . 261 153 315 260 Effects 2 | . 2 . . . Shutdowns 1 | . 1 . . . Damage (minor) 1 | . 1 . . . Siege Activations . | . . . . . Robots Corrupted . | . . . . . Combat Hostiles . | . . . . . Parts Fried . | . . . . . Impact Corruptions . | . . . . . Robots Melted . | . . . . . Combat Hostiles . | . . . . . Parts Melted 2 | . . . 2 . Heat Transferred 1064 | . 150 100 814 . Parts Sabotaged . | . . . . . Parts Stolen . | . . . . . Parts Stripped . | . . . . . Power Chain Reactions 3 | . 2 1 . . Alert | -11 -10 -10 -9 -9 ------- Run | Yrd Mat Min Mat Min Peak Influence 396 | . 123 154 396 69 Initial 69 | . . 13 59 69 Average 89 | . 39 52 225 43 Maximum Alert Level 1 | . . . 1 . Low Security (%) 86 | 100 100 100 45 100 Level 1 13 | . . . 54 . Level 2 . | . . . . . Level 3 . | . . . . . Level 4 . | . . . . . Level 5 . | . . . . . High Security . | . . . . . Max Security . | . . . . . Squads Dispatched 3 | . 1 . 2 . Investigation . | . . . . . Extermination . | . . . . . Reinforcement 3 | . 1 . 2 . Assault . | . . . . . Garrison . | . . . . . Intercept . | . . . . . Searches Triggered . | . . . . . Construction Impeded . | . . . . . Haulers Reinforced . | . . . . . Active Scanning Responses . | . . . . . Cargo Convoy Interrupts . | . . . . . Stealth | -11 -10 -10 -9 -9 --------- Run | Yrd Mat Min Mat Min Distress Signals 3 | . 2 . 1 . Communications Jammed . | . . . . . Distress Signals . | . . . . . Times Spotted 80 | . 25 11 26 18 Peak Tracking Total 20 | . 5 3 7 20 Tactical Retreats 2 | . . 1 . 1 Traps | -11 -10 -10 -9 -9 ------- Run | Yrd Mat Min Mat Min Traps Triggered 1 | . 1 . . . Indirectly . | . . . . . Trap Hack Attempts . | . . . . . Triggered . | . . . . . Disarmed . | . . . . . Reprogrammed . | . . . . . Reused . | . . . . . Traps Extracted . | . . . . . Installed . | . . . . . Triggered . | . . . . . Machines | -11 -10 -10 -9 -9 ---------- Run | Yrd Mat Min Mat Min Machines Disabled 5 | . 1 1 3 . Max in Single Turn 2 | . 1 1 2 . Machines Repaired . | . . . . . Machines Dismantled . | . . . . . Machines Sabotaged . | . . . . . Overloaded Fab Kills . | . . . . . Hacking | -11 -10 -10 -9 -9 --------- Run | Yrd Mat Min Mat Min Machines Accessed 8 | . 5 . 3 . Terminals 5 | . 4 . 1 . Fabricators . | . . . . . Repair Stations 2 | . 1 . 1 . Recycling Units . | . . . . . Scanalyzers 1 | . . . 1 . Garrison Access . | . . . . . Total Hacks 20 | . 14 . 6 . Successful 11 | . 6 . 5 . Failed 9 | . 8 . 1 . Catastrophic 1 | . 1 . . . Database Lockouts . | . . . . . Manual . | . . . . . Terminals 10 | . 9 . 1 . Fabricators . | . . . . . Repair Stations 7 | . 5 . 2 . Recycling Units . | . . . . . Scanalyzers 3 | . . . 3 . Garrison Access . | . . . . . Terminal Hacks 5 | . 4 . 1 . Record 2 | . 2 . . . Prototype ID Bank 1 | . . . 1 . Branch Access Points 1 | . 1 . . . Alert Level 1 | . 1 . . . Fabricator Hacks . | . . . . . Repair Station Hacks 4 | . 2 . 2 . Scan Component 2 | . 1 . 1 . Repair 2 | . 1 . 1 . Recycling Unit Hacks . | . . . . . Scanalyzer 2 | . . . 2 . Insert Component 1 | . . . 1 . Analyze 1 | . . . 1 . Garrison Access Hacks . | . . . . . Unauthorized Hacks . | . . . . . Terminals . | . . . . . Fabricators . | . . . . . Repair Stations . | . . . . . Recycling Units . | . . . . . Scanalyzers . | . . . . . Garrison Access . | . . . . . Data Cores Recovered . | . . . . . Used . | . . . . . Hacking Detections 5 | . 5 . . . Full Trace Events 1 | . 1 . . . Feedback Events . | . . . . . Feedback Blocked . | . . . . . Robot Schematics Acquired . | . . . . . Robots Built . | . . . . . Authchips . | . . . . . Time . | . . . . . Total Robot Build Rating . | . . . . . Part Schematics Acquired 1 | . . . 1 . Parts Built . | . . . . . Authchips . | . . . . . Time . | . . . . . Total Part Build Rating . | . . . . . Parts Repaired 2 | . 1 . 1 . Time 70 | . 38 . 32 . Parts Recycled . | . . . . . Recycled Matter . | . . . . . Retrieved Matter . | . . . . . Retrieved Components . | . . . . . Parts Scanalyzed 1 | . . . 1 . Part Schematics Acquired 1 | . . . 1 . Parts Damaged . | . . . . . Bothacking | -11 -10 -10 -9 -9 ------------ Run | Yrd Mat Min Mat Min Used RIF Installer . | . . . . . Robots Hacked . | . . . . . Non-combat . | . . . . . Combat . | . . . . . Robot Hacks Applied . | . . . . . Relay Couplers Released . | . . . . . Fabnet Peak Effective % . | . . . . . Robots Rewired . | . . . . . Allies Hacked . | . . . . . Hacks Repelled . | . . . . . Allies | -11 -10 -10 -9 -9 -------- Run | Yrd Mat Min Mat Min Total Allies . | . . . . . Largest Group . | . . . . . Highest-Rated Group . | . . . . . Highest-Rated Ally . | . . . . . Total Orders . | . . . . . Ally Attacks . | . . . . . Total Damage . | . . . . . Kills . | . . . . . Allies Corrupted . | . . . . . Allies Melted . | . . . . . Intel | -11 -10 -10 -9 -9 ------- Run | Yrd Mat Min Mat Min Robot Analysis Total . | . . . . . Derelict Logs Recovered 2 | . . 2 . . Drone Launches . | . . . . . Drone Recoveries . | . . . . . Exploration | -11 -10 -10 -9 -9 ------------- Run | Yrd Mat Min Mat Min Turns Passed 5785 | 89 2233 1950 1450 63 Spaces Moved 2439 | 57 1018 803 558 3 Core 15 | 15 . . . . Treads 587 | 42 545 . . . Legs 1837 | . 473 803 558 3 Wheels . | . . . . . Hover . | . . . . . Flight . | . . . . . Fastest Speed 50 | 50 160 190 120 330 Average Speed 183 | 131 174 191 191 330 Slowest Speed 330 | 160 240 260 330 330 Overloaded Moves . | . . . . . Propulsion Burnouts . | . . . . . Robots Hopped . | . . . . . Cave-ins Triggered . | . . . . . Exploration Rate (%) 43 | 4 96 81 34 4 Regions Visited 4 Branch Regions 2 Pre-discovered Areas . | . . . . . Known Exits Taken 3 | . 1 1 1 . Unknown Exits Taken 1 | 1 . . . . Scrap Searched 2 | . . 2 . . Spaces Dug 43 | . . 43 . . Terrain Destroyed 201 | . 4 162 35 . Melee . | . . . . . Projectile 17 | . . 13 4 . AOE 184 | . 4 149 31 . Terrain Rammed . | . . . . . Walls Destroyed . | . . . . . Machines Disabled . | . . . . . Actions | -11 -10 -10 -9 -9 --------- Run | Yrd Mat Min Mat Min Total 3310 | 72 1363 1026 823 26 Wait 528 | . 251 116 160 1 Move 2435 | 56 1017 802 557 3 Hop . | . . . . . Pick Up 54 | 10 19 7 18 . Fast Attach . | . . . . . Attach 37 | 5 8 6 13 5 Detach 3 | . 2 . 1 . Swap 11 | . 3 3 5 . Drop 16 | 1 5 4 6 . Fire 216 | . 58 80 61 17 Melee 1 | . . . 1 . Ram . | . . . . . Kick 9 | . . 8 1 . Crush . | . . . . . Escape Stasis . | . . . . . Rewire . | . . . . . Trap . | . . . . . Miscellaneous . | . . . . . Route ------- -11/Scrapyard -10/Materials (discovered 3 exits: *Mat x2 / *Min) -10/Mines -9/Materials (discovered 4 exits: *Mat / *Min / *Sto x2) -9/Mines History --------- Turn | Location | Event 10 | -11/Scrapyard | Discovered new exit (range 16) 90 | -11/Scrapyard | Entered Materials 271 | -10/Materials | Discovered new exit (range 15) 301 | -10/Materials | Build established: Mutant 406 | -10/Materials | Identified exit to Materials 617 | -10/Materials | Discovered new exit (range 6) 624 | -10/Materials | Identified exit to Mines 1446 | -10/Materials | Repaired Lgt. Nuclear Core 1634 | -10/Materials | Discovered exit to Materials (range 16) 2323 | -10/Materials | Entered Mines 2360 | -10/Mines | Met a Derelict bent on vengeance 2525 | -10/Mines | Found DCF Scrap (15 items) 2673 | -10/Mines | Excavation squad dispatched 2673 | -10/Mines | A large section of the Mines collapsed 2923 | -10/Mines | Excavation squad dispatched 3086 | -10/Mines | Core integrity fell below 50% 3173 | -10/Mines | Excavation squad dispatched 3379 | -10/Mines | Learned Materials emergency access door positions 3413 | -10/Mines | Discovered exit to Materials (range 10) 3546 | -10/Mines | Received a Rocket Launcher from a helpful Derelict 4273 | -10/Mines | Entered Materials 4273 | -9/Materials | Evolved 2 slots: Power x1, Propulsion x1 4274 | -9/Materials | Identified exit to Storage 4278 | -9/Materials | Discovered exit to Storage (range 7) 4527 | -9/Materials | Destroyed 7 combat bots 4651 | -9/Materials | Discovered new exit (range 12) 4666 | -9/Materials | Identified exit to Mines 4801 | -9/Materials | Repaired Imp. Light Cannon 4872 | -9/Materials | Discovered new exit (range 11) 4991 | -9/Materials | Lost 3 parts (1p1n1w) 5315 | -9/Materials | Identified exit to Materials 5327 | -9/Materials | Build established: Scavenger-Mutant 5489 | -9/Materials | Core integrity fell below 50% 5723 | -9/Materials | Entered Mines 5724 | -9/Mines | Assembled infested the area 5771 | -9/Mines | Core integrity fell below 20% 5786 | -9/Mines | Destroyed by as-54243 with Assembled Rifle Last Messages --------------- 05753_ as-38983 destroyed. 05753_ as-84049 destroyed. 05756_ as-10523 destroyed. 05758_ Imp. Assault Rifle destroyed. 05759_ as-39710 destroyed. 05767_ Imp. Light Cannon destroyed. 05770_ Aluminum Leg destroyed. 05771_ Acquired 1 matter. 05774_ as-44904 destroyed. 05778_ as-96772 destroyed. 05778_ as-87356 knocked back. 05781_ Cld. Ion Engine destroyed. 05781_ System corrupted by crushing effect (+5). 05781_ as-00991 knocked back. 05781_ as-87356 knocked back. 05781_ as-38536 knocked back. 05783_ Aluminum Leg destroyed. 05784_ as-92715 destroyed. 05784_ as-38536 knocked back. 05784_ as-38536 destroyed. Map ----- +----------------------------------------------------+ | ??????????????????????????????????????? | | ??????????????????????????????????????? | | ??????????????????????????????????????? | | ??????????????????????????????????????? | | ??????????????????????????????????????? | | ??????????????????????????????????????? | | ??????????????????????????????????????? | | ??????????????????????????????????????? | | ??????????????????????????????????????? | | ??????????????????????????????????????? | | ??????????????????????????????????????? | | ??????????????????????????????????????? | | ??????????????????????????????????????? | | ??????????????????????????????????????? | | ???????????##?????????????????????????? | | ??????????? ?????????????????????????? | | ???????????# ?????????????????????????? | | ???????????# ?????????????????????????? | | ???????????# ?????????????????????????? | | ???????????# #????????????????????????? | | ???????????# #????????????????????????? | | ???????????# ##???????????????????????? | | ??????????## ##??????????????????????? | | ??????????# ######?????????????????? | | ??????????# %a #?????????????????? | | ??????????# % @ #?????????????????? | | ??????????#aaaa### #?????????????????? | | ??????????#a%%##??????????????????????? | | ??????????# a##???????????????????????? | | ??????????#%a#????????????????????????? | | ??????????# #????????????????????????? | | ??????????# #????????????????????????? | | ??????????# #????????????????????????? | | ??????????# #????????????????????????? | | ??????????# #????????????????????????? | | ??????????# #????????????????????????? | | ??????????# #????????????????????????? | | ??????????# ?????????????????????????? | | ??????????# ?????????????????????????? | | ??????????# ?????????????????????????? | | ??????????# ?????????????????????????? | | ??????????? ?????????????????????????? | | ??????????? ?????????????????????????? | | ??????????? ?????????????????????????? | | ??????????????????????????????????????? | | ??????????????????????????????????????? | | ??????????????????????????????????????? | | ??????????????????????????????????????? | | ??????????????????????????????????????? | | ??????????????????????????????????????? | +----------------------------------------------------+ Best States ------------- Heat Dissipation 28 Energy Generation 23 Energy Capacity 445 Matter Stores 300 Matter Capacity 300 Sight Range 16 Terrain Scan Density 10 Evasion (%) 55 Recoil Reduction 2 Item Schematics ----------------- Cld. Ion Engine | -9/Materials | Scanalyzed Robot Schematics ------------------ None Fabricated ------------ Nothing Alien Tech Used ----------------- None Achievements -------------- Hunted Challenges ------------ None Game ------ Seed SwordGodBeamcaster Manual? 0 Play Time 00:37:39 Cumulative 20.9 hours Start 2024.09.21 @ 09:02:42 End 2024.09.21 @ 09:44:56 Sessions 1 Manual Loads 0 Difficulty Rogue Special Mode None Game No. 42 Rogue 37 Adventurer 5 Explorer 0 Win Type - Total 0 Types 0/0/0/0/0/0/0/0/0 Lore% 10 Gallery% 18 Achievement% 16 Wizard Run 0 Options --------- Layout 0 ASCII 0 Keyboard 0 Movement Numpad Keybinds 0 Fullscreen 1 Font 18/SmallcapsGlow Map View 76x50 Zoom Use 0% Tactical HUD 1 Map Filters NONE Filters NONE Steam 1 RUN: 5a0e0182-0146-4e76-b30f-ee32abb919e2